 Dungeon Crawl Stone Soup version 0.13.0-19-g8e0b589 (webtiles) character file.

215 Malachi the Vexing (level 3, -4/24 HPs)
             Began as a Vampire Enchanter on Oct 24, 2013.
             Slain by a crimson imp
             ... wielding a +0,+0 orcish club
              (6 damage)
             ... on Level 3 of the Dungeon.
             The game lasted 00:03:41 (2798 turns).

Malachi the Vexing (Vampire Enchanter)              Turns: 2798, Time: 00:03:41

HP  -4/24        AC  0     Str  2      XL: 3   Next: 67%
MP   2/6         EV 20     Int 18      God:
Gold 160         SH  0     Dex 19      Spells:  2 memorised,  0 levels left

Res.Fire  : . . .   See Invis. : +   h - melded +0 short sword
Res.Cold  : + . .   Warding    : .   b - melded +1 robe
Life Prot.: + + .   Conserve   : .   (shield currently unavailable)
Res.Poison: +       Res.Corr.  : .   (helmet currently unavailable)
Res.Elec. : .       Clarity    : .   (cloak currently unavailable)
Sust.Abil.: . .     Spirit.Shd : .   (gloves currently unavailable)
Res.Mut.  : .       Stasis     : .   (boots currently unavailable)
Res.Rott. : +       Flight     : +   (no amulet)
Saprovore : . . .                    (ring currently unavailable)
                                     (ring currently unavailable)

@: bat-form, regenerating slowly, flying, very quick, slightly resistant to
hostile enchantments, quite stealthy
A: (fangs 0), see invisible, (unbreathing)
a: End Transformation


You were on level 3 of the Dungeon.
You were very thirsty.
You were in vampire bat-form.
You visited 1 branch of the dungeon, and saw 3 of its levels.

You collected 140 gold pieces.

Inventory:

Hand weapons
 a - a +1,+1 dagger {=f}
 h - a +0,+0 short sword (melded)
Missiles
 d - 10 darts (quivered)
Armour
 b - a +1 robe (melded)
Magical devices
 q - a wand of random effects (17) {unknown}
Scrolls
 e - a scroll of amnesia {unknown}
 i - a scroll of teleportation {unknown}
 j - a scroll of blinking
 k - a scroll of curse weapon {unknown}
 m - 2 scrolls of remove curse {unknown}
 n - a scroll of enchant armour {unknown}
 o - a scroll of enchant weapon I {unknown}
 p - a scroll of random uselessness {unknown}
 r - a scroll of curse armour {unknown}
 s - a scroll of identify {unknown}
 t - a scroll of enchant weapon II {unknown}
 u - a scroll of magic mapping {unknown}
Jewellery
 x - an uncursed ring of regeneration {unknown}
 y - an uncursed ring of wizardry {unknown}
Potions
 f - 3 potions of brilliance {unknown}
 g - a potion of curing {unknown}
 l - a potion of speed {unknown}
 v - a potion of confusion {unknown}
 w - a potion of restore abilities {unknown}
Books
 c - a book of Maledictions

   Spells                             Type                      Level
   *Corona                            Hexes                        1
   Sure Blade                         Hexes/Charms                 2
   Ensorcelled Hibernation            Hexes/Ice                    2
   *Confuse                           Hexes                        3
   Enslavement                        Hexes                        4
   Invisibility                       Hexes                        6


   Skills:
 - Level 0.1 Fighting
 + Level 1.4 Short Blades
 - Level 0.7 Throwing
 - Level 2.1 Dodging
 + Level 3.9 Stealth
 - Level 1.0 Spellcasting
 + Level 6.2 Hexes


You couldn't memorise any spells.
You knew the following spells:

 Your Spells              Type           Power        Failure   Level  Hunger
a - Corona                Hex            ###....      8%          1    ##.....
b - Confuse               Hex            ###.....     17%         3    ####...


Dungeon Overview and Level Annotations

Branches:
Dungeon (3/27)

Altars:
Makhleb


Innate Abilities, Weirdness & Mutations

You heal slowly.
((You have razor-sharp teeth.))*
You have supernaturally acute eyesight.
((You can survive without breathing.))*


Message History

The crimson imp hits you with an orcish club.
* * * LOW HITPOINT WARNING * * *
The crimson imp hits you with an orcish club.
* * * LOW HITPOINT WARNING * * *
Use which ability? (? or * to list)
You can't do that.
Throwing (i - inventory. (,) - cycle):
d - 11 darts (quivered)
Press: ? - help, Shift-Dir - straight line, f/p - crimson imp
Aim: a crimson imp, wielding an orcish club You throw a dart.
The dart misses the crimson imp.
The crimson imp barely misses you.
Use which ability? (? or * to list)
You can't do that.
Unknown command.
Use which ability? (? or * to list)
You turn into a vampire bat.
Your uncursed short sword melds into your body.
Your +1 robe melds into your body.
The crimson imp hits you with an orcish club.
You die...

...... ..>.. ...
....####..# #.. ..........#
#.## ######).....# #.<#
.....(......# #).#
#.####......# #..# #
#....).# #..# ..#
#.########..######..#...#
........(......5b.......##
#.###...#..................
#.###...#...........#...###
......^.............>.....
#.........########..##..##
#....#####.......#..# ..#
#[... #5......#..# .. #....
#[......#... .[.%
#.......#.###


You could see a crimson imp.

Vanquished Creatures
  A worm (D:2)
  4 giant geckos
  An ooze (D:2)
  An orc (D:3)
  2 ball pythons
  5 giant cockroaches
  4 goblins
  5 hobgoblins
  6 kobolds
  3 bats
  2 giant newts (D:2)
  8 rats
42 creatures vanquished.

Notes
Turn   | Place    | Note
--------------------------------------------------------------
     0 | D:1      | Malachi, the Vampire Enchanter, began the quest for the Orb.
     0 | D:1      | Reached XP level 1. HP: 13/13 MP: 4/4
   122 | D:1      | Reached skill level 5 in Hexes
   185 | D:1      | Reached XP level 2. HP: 14/19 MP: 3/5
  1360 | D:2      | Reached XP level 3. HP: 21/24 MP: 6/6
  1548 | D:2      | Reached skill level 6 in Hexes
  1982 | D:2      | Found a burning altar of Makhleb.
  1982 | D:2      | Noticed a cacodemon
  1985 | D:2      | Noticed a ynoxinul
  1985 | D:2      | Noticed a hellwing
  2689 | D:2      | Learned a level 3 spell: Confuse
  2795 | D:3      | HP: 1/24 [crimson imp/orcish club (1)]
  2798 | D:3      | Slain by a crimson imp

Action                   || total
-------------------------++-------
Melee: Dagger            ||    17
       Short sword       ||   141
Throw: Dart              ||     5
 Cast: Corona            ||    15
       Confuse           ||     2
 Abil: Bat Form          ||     2
       End Transformatio ||     1
  Use: Scroll            ||     2
 Stab: Sleeping          ||     7
       Confused          ||     2
